 Dungeon Crawl Stone Soup version 0.21.0-3-g78d12a8 (webtiles) character file.

55 tidbits the Sneak (level 3, -1/18 HPs)
             Began as a Vine Stalker Wizard on Jan 10, 2018.
             Was a Follower of Cheibriados.
             Slain by Suckerboh's ghost (5 damage)
             ... on level 4 of the Dungeon on Jan 11, 2018.
             The game lasted 00:08:29 (1247 turns).

tidbits the Sneak (Vine Stalker Wizard)             Turns: 1247, Time: 00:08:30

Health: -1/18      AC:  5    Str: 13    XL:     3   Next: 93%
Magic:  0/8        EV: 11    Int: 21    God:    Cheibriados [*.....]
Gold:   125        SH:  0    Dex: 15    Spells: 7/8 levels left

rFire    . . .     SeeInvis .   r - +0 short sword
rCold    . . .     Gourm    .   (no shield)
rNeg     . . .     Faith    .   B - +0 ring mail
rPois    .         Spirit   +   b - +0 hat
rElec    .         Reflect  .   (no cloak)
rCorr    .         Harm     .   (no gloves)
MR       +....                  (no boots)
Stlth    ++........             (no amulet)
HPRegen  0.06/turn              l - ring of protection from magic
MPRegen  0.11/turn              (no ring)

@: very slow
A: fangs 2, magic shield, antimagic bite, no potion heal 3, rot immunity
a: Bend Time, Renounce Religion


You were on level 4 of the Dungeon.
You worshipped Cheibriados.
Cheibriados was aware of your devotion.
You were not hungry.

You visited 1 branch of the dungeon, and saw 4 of its levels.

You collected 125 gold pieces.

Inventory:

Hand Weapons
 a - a +0 dagger
 h - a +0 hunting sling
 i - a cursed -2 dagger
 r - a +0 short sword (weapon)
Missiles
 m - 16 arrows
 n - 37 bolts
Armour
 b - a +0 hat (worn)
 y - a +0 robe
 B - a +0 ring mail (worn)
Jewellery
 l - a ring of protection from magic (left hand)
   (You found it on level 1 of the Dungeon)
Scrolls
 e - 4 scrolls of enchant weapon
 f - a scroll of fog {unknown}
 g - a scroll of teleportation {unknown}
 j - a scroll of remove curse {unknown}
 p - a scroll of identify
Potions
 k - a potion of flight {unknown}
 q - 2 potions of curing
Books
 d - a book of Minor Magic

   Spells                             Type                      Level
   a - Magic Dart                     Conjuration                  1
   b - Blink                          Translocation                2
   c - Call Imp                       Summoning                    2
   d - Slow                           Hexes                        2
   e - Conjure Flame                  Conjuration/Fire             3
   f - Mephitic Cloud                 Conjuration/Poison/Air       3
Comestibles
 c - 5 rations


   Skills:
 + Level 1.7 Fighting
 + Level 1.1 Short Blades
 - Level 1.5 Dodging
 + Level 3.8 Stealth
 - Level 3.2 Spellcasting
 - Level 1.0 Conjurations
   Level 1.0 Summonings
   Level 1.0 Translocations


You had 7 spell levels left.
You knew the following spells:

 Your Spells              Type           Power        Failure   Level  Hunger
a - Magic Dart            Conj           #...         19%         1    None


Dungeon Overview and Level Annotations

Branches:
Dungeon (4/15)
 Temple: D:4-7

Altars:
Cheibriados

Annotations:
D:3 kegs's ghost, amateur HOFi
D:4 Suckerboh's ghost, novice GrGl


Innate Abilities, Weirdness & Mutations

You have extremely sharp teeth.
When hurt, damage is shared between your health and your magic reserves.
Your bite disrupts and absorbs the magic of your enemies.
Potions cannot restore your health.
You are immune to rotting.


Message History

Cheibriados raises the support of your attributes as your movement slows.
You open the door.
Found 20 bolts.
There is an open door here.
n - 37 bolts (gained 20) HP restored.
There is an open door here.
There is an open door here.
You open the door.
There is an open door here.
There is an open door here.
There is a large open door here.
There is a large open door here.
A bat comes into view.
There is an open door here.
Casting: Magic Dart
Confirm with . or Enter, or press ? or * to list all spells.
Aiming: Magic Dart
Press: ? - help, Shift-Dir - straight line, f - bat
Aim: a bat (resting)
The magic dart hits the bat.
You kill the bat!
Cheibriados thoroughly appreciates the change of pace.
(D) Dungeon
Where to? (Enter - D:2 @ (x,y), ? - help) Magic restored.
All of the chunks of flesh in your inventory have rotted away.
There is a stone staircase leading down here.
You climb downwards.
Level annotation: kegs's ghost, amateur HOFi
There is a stone staircase leading up here.
Unknown command.
Found a scroll labeled UNLEIC ISOALEN.
Found a stone staircase leading down.
The ball python hisses angrily.
You barely miss the ball python. The ball python barely misses you.
The ball python misses you.
The ball python bites you but does no damage.
The ball python grabs you. The ball python constricts you.
You hit the ball python.
You kill the ball python!
Cheibriados thoroughly appreciates the change of pace.
Found a stone staircase leading down.
p - 2 scrolls labeled UNLEIC ISOALEN (gained 1)
A kobold comes into view. It is wielding a short sword.
Casting: Magic Dart
Confirm with . or Enter, or press ? or * to list all spells.
Aiming: Magic Dart
Press: ? - help, Shift-Dir - straight line, f - kobold
Aim: a kobold, wielding a short sword (resting)
The magic dart hits the kobold.
The kobold is severely wounded.
The kobold shouts!
Casting: Magic Dart
Confirm with . or Enter, or press ? or * to list all spells.
Aiming: Magic Dart
Press: ? - help, Shift-Dir - straight line, f/p - kobold
Aim: a kobold, wielding a short sword (severely wounded)
The magic dart hits the kobold.
You kill the kobold!
Cheibriados appreciates the change of pace.
An orc comes into view. It is wielding a trident.
An orc wizard comes into view. It is wielding a dagger.
The orc shouts!
An orc comes into view. It is wielding a club.
An orc comes into view.
There is a stone staircase leading down here.
Found a glowing opal ring.
The orc shouts!
The orc hits you with a trident.
An orc comes into view. It is wielding a hand axe.
There is a stone staircase leading down, spattered with blood here.
The orc misses you.
You climb downwards. 3 jackals and a player ghost come into view.
Found a large emerald ring, a leather armour and 19 stones.
There is a stone staircase leading up here.
As you read the scroll labeled UNLEIC ISOALEN, it crumbles to dust.
It is a scroll of identify.
q - 2 potions of curing The jackal barks! x3; You hear a shout!
The orc hits you but does no damage.
An ogre comes into view. It is wielding a giant club.
The jackal closely misses you. The orc closely misses you.
The jackal barely misses you. The jackal bites you.
The jackal bites you but does no damage. x2
The orc closely misses you.
The jackal bites you but does no damage.
You open the door. The jackal bites you.
The jackal bites you but does no damage.
The orc hits you from afar with a trident.
Suckerboh's ghost closely misses you. The jackal barely misses you.
The jackal bites you but does no damage. x2
Suckerboh's ghost hits you!
Ouch! That really hurt!
* * * LOW HITPOINT WARNING * * *
There is an open door, spattered with blood here.
The jackal closely misses you. Suckerboh's ghost hits you!
You die...

#####.........
#..........=..
#.............
#.....<....#
#..........#
#..........#
#[....h....#
..#######h#####.
.......@Wh.......
#.####.##........
#. #....##.# #.
#....+ #. #....#
#. #....# ..
#....# .. ....#


You could see Suckerboh's ghost and 2 jackals.

Vanquished Creatures
  An adder (D:2)
  An ooze (D:2)
  A worm (D:2)
  2 dart slugs
  An orc (D:2)
  4 giant cockroaches
  3 hobgoblins
  4 jackals (D:1)
  A ball python (D:3)
  6 bats
  2 frilled lizards (D:1)
  3 goblins (D:1)
  2 kobolds
  4 rats
35 creatures vanquished.

Notes
Turn   | Place    | Note
-------+----------+-------------------------------------------
     0 | D:1      | tidbits the Vine Stalker Wizard began the quest for the Orb.
     0 | D:1      | Reached XP level 1. HP: 9/9 MP: 5/5
    33 | D:2      | Found a snail-covered altar of Cheibriados.
    41 | D:2      | Became a worshipper of Cheibriados the Contemplative
   169 | D:1      | Reached skill level 3 in Stealth
   169 | D:1      | Reached XP level 2. HP: 14/14 MP: 0/7
   209 | D:1      | Reached skill level 1 in Fighting
   585 | D:2      | Reached * piety under Cheibriados
   585 | D:2      | Reached XP level 3. HP: 18/18 MP: 8/8
  1044 | D:2      | Reached skill level 1 in Short Blades
  1079 | D:3      | Noticed kegs's ghost (amateur HOFi)
  1239 | D:4      | Noticed Suckerboh's ghost (novice GrGl)
  1241 | D:4      | Noticed an ogre
  1247 | D:4      | Slain by Suckerboh's ghost

Skill      XL: |  1  2  3 |
---------------+----------+-----
Stealth        | 3 |  3.8
Fighting       | 1 |  1.7
Short Blades   | 1 |  1.1
Dodging        | |  1.5
Spellcasting   | |  3.2
Conjurations   | |  1.0
Summonings     | |  1.0
Translocations | |  1.0

Action                   || total
-------------------------++-------
Melee: Unarmed           ||    15
       Bite              ||    11
       Dagger            ||    22
       Short sword       ||    15
 Cast: Magic Dart        ||    41
  Use: Scroll            ||     2
       Potion            ||     2
 Stab: Sleeping          ||     2
Armor: Robe              ||     2
       Skin              ||    10
       Ring mail         ||    17
Dodge: Dodged            ||    40

Table legend:
 A = Turns spent in this place as a percentage of turns spent in the entire game.
 B = Non-inter-level travel turns spent in this place as a percentage of non-inter-level travel turns spent in the entire game.
 C = Inter-level travel turns spent in this place as a percentage of turns spent in this place.
 D = Turns resting spent in this place as a percentage of non-inter-level travel turns spent in this place.
 E = Turns spent auto-exploring this place as a percentage of non-inter-level travel turns spent in this place.
 F = Non-inter-level travel turns spent in this place divided by the number of levels of this place that you've seen.
                   A       B       C       D       E      F
               +-------+-------+-------+-------+-------+----------------------
         Total | 100.0 | 100.0 |   8.8 |   0.0 |   0.0 | 284.2
       Dungeon | 100.0 | 100.0 |   8.8 |   0.0 |   0.0 | 284.2
               +-------+-------+-------+-------+-------+----------------------

Table legend:
 A = Kills in this place as a percentage of kills in entire the game.
 B = Kills by you in this place as a percentage of kills by you in the entire game.
 C = Kills by friends in this place as a percentage of kills by friends in the entire game.
 D = Other kills in this place as a percentage of other kills in the entire game.
 E = Experience gained in this place as a percentage of experience gained in the entire game.
 F = Experience gained in this place divided by the number of levels of this place that you have seen.
                   A       B       C       D       E      F
               +-------+-------+-------+-------+-------+----------------------
         Total | 100.0 | 100.0 |   N/A |   N/A | 100.0 |  19.8
       Dungeon | 100.0 | 100.0 |   N/A |   N/A | 100.0 |  19.8
               +-------+-------+-------+-------+-------+----------------------

Vault maps used:
D:1:      minmay_arrival_checkered_box
D:2:      kennysheep_slug_shrine
D:3:      chequers_ecumenical_altar_simple_redux, first_ration,
          nicolae_ashenzari_panopticon
